 Dungeon Crawl Stone Soup version 0.24.0-1-gfbc8707122 (webtiles) character file.

Game seed: 12483603092630022767, levelgen mode: deterministic

349 LostNumber the Cudgeler (level 6, 0/39 HPs)
             Began as a Gargoyle Gladiator on Oct 28, 2019.
             Slain by a worker ant (3 damage)
             ... on level 5 of the Dungeon.
             The game lasted 00:06:15 (3786 turns).

LostNumber the Cudgeler (Gargoyle Gladiator)        Turns: 3786, Time: 00:06:15

Health: 0/39       AC: 13    Str: 20    XL:     6   Next: 60%
Magic:  6/6        EV: 17    Int: 13    God:
Gold:   162        SH:  0    Dex: 16    Spells: 5/5 levels left

rFire    + . .     SeeInvis .   a - +0 flail
rCold    x . .     Gourm    .   (no shield)
rNeg     + . .     Faith    .   g - +0 chain mail
rPois    ∞         Spirit   .   c - +0 helmet
rElec    +         Reflect  .   (no cloak)
rCorr    .         Harm     .   (no gloves)
MR       .....                  (no boots)
Stlth    ..........             (no amulet)
HPRegen  0.13/turn              o - ring of fire
MPRegen  0.10/turn              n - +4 ring of evasion

@: brilliant, agile, berserk cooldown, slowed, very slow
A: negative energy resistance 1, electricity resistance, unbreathing,
petrification resistance, rot immunity, AC +4
a: no special abilities


You were on level 5 of the Dungeon.
You were not hungry.

You visited 1 branch of the dungeon, and saw 5 of its levels.

You collected 162 gold pieces.

Inventory:

Hand Weapons
 a - a +0 flail (weapon)
Missiles
 d - 3 throwing nets (quivered) {!f}
Armour
 b - a +0 leather armour
 c - a +0 helmet (worn)
 g - a +0 chain mail (worn)
   (You found it on level 1 of the Dungeon)
Jewellery
 n - a +4 ring of evasion (right hand)
   (You found it on level 4 of the Dungeon)
 o - a ring of fire (left hand)
   (You found it on level 3 of the Dungeon)
Scrolls
 f - 4 scrolls of identify {unknown}
 h - a scroll of immolation {unknown}
 i - a scroll of blinking {unknown}
 j - a scroll of magic mapping {unknown}
 k - 4 scrolls of remove curse {unknown}
 l - a scroll of fog {unknown}
 m - a scroll of amnesia {unknown}
Comestibles
 e - 4 rations {!d}
 p - 5 chunks of flesh


   Skills:
 + Level 4.5 Fighting
 * Level 6.1 Maces & Flails
 - Level 1.7 Throwing
 - Level 2.4 Dodging


You had 5 spell levels left.
You didn't know any spells.
Your spell library was empty.

Dungeon Overview and Level Annotations

Branches:
Dungeon (5/15)
 Temple: D:4-7

Altars:
Trog

Annotations:
D:2 Sigmund


Innate Abilities, Weirdness & Mutations

You are resistant to torment.
Your stone body is resilient. (AC +4)
You are immune to poison.
You resist negative energy. (rN+)
You are resistant to electric shocks. (rElec)
You can survive without breathing.
You are immune to petrification.
You are immune to rotting.


Message History

The orc wizard hits you but does no damage.
It was a potion of brilliance.
You feel clever all of a sudden. The orc wizard barely misses you.
Unknown command.
It was a potion of agility.
You feel agile all of a sudden. The orc wizard closely misses you. x2
It was a potion of magic.
Magic courses through your body.
The orc wizard hits you but does no damage.
Unknown command.
It was a potion of berserk rage.
A red film seems to cover your vision as you go berserk!
You feel yourself moving faster!
You feel mighty!
The orc wizard hits you but does no damage. x2
You sock the orc wizard!
You kill the orc wizard!
Items here: ))) [[[ †† You butcher the orc corpse.
You feel a strong urge to attack something.
p - 3 chunks of flesh
Items here: ))) [[[ ÷ † You butcher the orc corpse.
You are no longer berserk.
You are exhausted.
You feel yourself slow down.
p - 6 chunks of flesh (gained 3)
Items here: ))) [[[ ÷÷ You see here a +0 dagger.
You start resting.
Eating one of 6 chunks of flesh.
You eat one of the 6 chunks of flesh.
The orc priest is too close now for your liking.
Unknown command.
Items here: ))) [[[ ÷÷
There is a stone staircase leading down here.
You start resting.
The orc priest is too close now for your liking.
Unknown command.
The orc priest shouts!
You hear a shout!
You climb downwards.
The worker ant misses you. x2
There is a stone staircase leading up here.
Unknown command.
You closely miss the worker ant.
The worker ant bites you but does no damage.
The worker ant bites you.
* * * LOW HITPOINT WARNING * * *
Unknown command.
Your chain mail prevents you from hitting the worker ant.
The worker ant bites you.
You die...

.........
##..........
##..........#
#..#........#
##.#[..........
..♣##....$....![...
.......#...........
.#..@...........
.......a.♣...♣.....
...................
...........<....#.
...............##
...........♣..##
.............##
............#.
.........#..


You could see a worker ant.

Vanquished Creatures
  A centaur zombie (D:4)
  3 orc wizards
  A hound skeleton (D:3)
  Robin (D:4)
  10 adders
  A shadow imp (D:4)
  2 oozes
  An adder skeleton (D:5)
  A worm (D:3)
  2 dart slugs
  3 leopard geckos
  7 orcs
  2 ball pythons
  3 giant cockroaches
  15 goblins
  12 hobgoblins
  4 jackals (D:2)
  A bat (D:1)
  2 frilled lizards
  8 kobolds
  5 rats
85 creatures vanquished.

Vanquished Creatures (others)
  A wizard (D:3)
1 creature vanquished.

Grand Total: 86 creatures vanquished

Notes
Turn   | Place    | Note
-------+----------+-------------------------------------------
     0 | D:1      | LostNumber the Gargoyle Gladiator began the quest for the
                  | Orb.
     0 | D:1      | Reached XP level 1. HP: 12/12 MP: 1/1
   207 | D:1      | Reached XP level 2. HP: 15/18 MP: 2/2
   472 | D:1      | Reached XP level 3. HP: 22/22 MP: 3/3
   954 | D:2      | Noticed Sigmund
   963 | D:1      | Reached skill level 4 in Maces & Flails
  1539 | D:2      | Reached XP level 4. HP: 27/28 MP: 4/4
  1979 | D:3      | Reached XP level 5. HP: 29/32 MP: 5/5
  2031 | D:3      | Reached skill level 5 in Maces & Flails
  2300 | D:3      | Found a bloodstained altar of Trog.
  2301 | D:3      | Noticed a wizard
  2306 | D:3      | Killed a wizard
  3355 | D:4      | Noticed Robin
  3367 | D:4      | Reached XP level 6. HP: 38/38 MP: 6/6
  3408 | D:4      | Killed Robin
  3720 | D:5      | Entered Level 5 of the Dungeon
  3747 | D:4      | Reached skill level 6 in Maces & Flails
  3757 | D:4      | HP: 1/39 [orc wizard/magic dart (5)]
  3786 | D:5      | Slain by a worker ant

Levels and vault maps discovered:
D:1:      minmay_arrival_four_loops, layout_basic
D:2:      layout_rooms, amethyst_overflow_temple_binary, uniq_sigmund
D:3:      layout_basic, first_ration, trog_wizard
D:4:      layout_rooms, grunt_temple_overflow_open, kennysheep_generic_room_8,
          uniq_robin, uniq_blork_the_orc, uniq_crazy_yiuf_cottage
D:5:      layout_rooms, lemuel_blue_sif_altar, minmay_temple_entry_offerings,
          grunt_ministairs_1, elyvilon_altar_3

Skill      XL: |  1  2  3  4  5  6 |
---------------+-------------------+-----
Maces & Flails | 4 5 6 |  6.1
Fighting       | 3 4 |  4.5
Throwing       | |  1.7
Dodging        | |  2.4

Action                   |  1- 3 |  4- 6 || total
-------------------------+-------+-------++-------
Melee: Flail             |   134 |   267 ||   401
  Use: Potion            |       |     4 ||     4
  Eat: Chunk             |     1 |     9 ||    10
Armor: Chain mail        |   116 |   217 ||   333
       Leather armour    |     1 |       ||     1
Dodge: Dodged            |    58 |   169 ||   227
